 Dungeon Crawl Stone Soup version 0.31-a0-486-g8d68a81214 (webtiles) character file.

Game seed: 7434977724141612922

8 ytrimaz the Ruffian (level 2, 0/21 HPs)
             Began as a Demonspawn Shapeshifter on Aug 7, 2023.
             Slain by a hobgoblin (2 damage)
             ... on level 1 of the Dungeon.
             The game lasted 00:00:21 (182 turns).

ytrimaz the Ruffian (Demonspawn Shapeshifter)        Turns: 182, Time: 00:00:21

Health: 0/21       AC:  2    Str: 15    XL:     2   Next: 0%
Magic:  2/2        EV: 12    Int:  9    God:
Gold:   24         SH:  0    Dex: 13    Spells: 1/1 levels left

rFire   . .          .
                       - Unarmed
rCold   . . .        (no shield)
rNeg    . . .        a - +0 animal skin
rPois   .            (helmet currently unavailable)
rElec   .            (cloak currently unavailable)
rCorr   .            (gloves currently unavailable)
SInv    .            (boots currently unavailable)
Will    .....        (no amulet)
Stlth   +            (no ring)
HPRegen 0.23/turn    (no ring)
MPRegen 0.08/turn

%: no passive effects
@: beast-form
A: beast (slay +2), demonic guardian 1
a: Begin Untransformation


You were on level 1 of the Dungeon.
You were a hulking beast.
You visited 1 branch of the dungeon, and saw 1 of its levels.

You collected 24 gold pieces.


Innate Abilities, Weirdness & Mutations

You are a hulking beast.
Your limbs bulge with bestial killing power. (Slay +2)
A weak demonic guardian rushes to your aid.


   Skills:
 - Level 1.0 Fighting
 - Level 1.7 Dodging
 + Level 3.0 Unarmed Combat
 + Level 2.9 Shapeshifting


You had one spell level left.
You didn't know any spells.
Your spell library was empty.

Inventory:

Armour
 a - a +0 animal skin (worn)
Talismans
 c - a beast talisman (active)
Scrolls
 d - a scroll of summoning {unknown}
Potions
 b - a potion of lignification

Dungeon Overview and Level Annotations

Branches:
Dungeon (1/15) Zot: 5818

Altars:

.. ... .. ..# # #..#.#
#.#..#.# . #..#
.#.#.#...).
..#..##.#.#.(..#.#
................g#
..#...#.###.....h#######
.................5......
..............#.########
#.#....................
#.#...#..##...#.######.
#.............#.#
.........##..##.#
.............##.######.
##.....................


You could see a hobgoblin (ally target) and a friendly white imp (summoned).


Message History

You punch the frilled lizard!
You kill the frilled lizard!
You see here a frilled lizard corpse.
Unknown command.
Key pressed, stopping explore.
An endoplasm comes into view.
Unknown command. 😎 HP[+13]
Your hp is fully restored (15).
An endoplasm is nearby!
An endoplasm is nearby!
An endoplasm is nearby!
You see here 11 gold pieces.
The endoplasm quivers.
The endoplasm hits you. 😕 HP[-1]
You take 1 damage, and now have 14/15 hp.
You hit the endoplasm. The endoplasm hits you. 😮 HP[-3]
You take 3 damage, and now have 11/15 hp.
Unknown command.
You are too injured to fight recklessly!
You hit the endoplasm. The endoplasm closely misses you.
Unknown command.
You hit the endoplasm.
You kill the endoplasm!
You are too injured to fight recklessly!
Found a stone staircase leading down. 😕 HP[+1] No target in view!
Unknown command.
d - a scroll labelled FEOCUR VEAL 😎 HP[+3]
Your hp is fully restored (15).
You now have 11 gold pieces.
Key pressed, stopping explore.
You now have 24 gold pieces (gained 13).
A dart slug comes into view.
A dart slug is nearby!
A dart slug is nearby!
A dart slug is nearby!
A dart slug is nearby!
A dart slug is nearby!
You hit the dart slug. The dart slug barely misses you.
You hit the dart slug.
The dart slug bites you but does no damage.
Unknown command.
You hit the dart slug but do no damage. You hit the dart slug.
You kill the dart slug!
Unknown command.
No target in view!
A hobgoblin and a kobold come into view.
The kobold shouts!
The kobold throws a stone.
The stone hits you but does no damage.
The kobold hits you with a +0 dagger. 😕 HP[-1]
You take 1 damage, and now have 14/15 hp.
Unknown command.
There are monsters nearby!
There are monsters nearby!
There are monsters nearby!
You completely miss the kobold. The kobold completely misses you.
You closely miss the hobgoblin. The kobold hits you with a +0 dagger.
The hobgoblin barely misses you. 😮 HP[-4]
You take 4 damage, and now have 10/15 hp.
MASSIVE DAMAGE!! (PAUSE)
You hit the kobold. The kobold hits you but does no damage.
The hobgoblin hits you.
* * * LOW HITPOINT WARNING * * *
You are too injured to fight recklessly! 😨 HP[-4]
You take 4 damage, and now have 6/15 hp.
MASSIVE DAMAGE!! (PAUSE)
You barely miss the kobold. 😨 HP[+1]
You hit the kobold but do no damage. The hobgoblin hits you.
* * * LOW HITPOINT WARNING * * *
The kobold hits you with a +0 dagger.
* * * LOW HITPOINT WARNING * * *
😨 HP[-2]
You take 2 damage, and now have 5/15 hp.
You punch the kobold!
You kill the kobold!
The hobgoblin hits you.
* * * LOW HITPOINT WARNING * * *
Your Unarmed Combat skill increases to level 3!
You have reached level 2!
Your demonic ancestry asserts itself...
You feel the presence of a demonic guardian. 😱 HP[-1] MP[+1]
You now have 21 max hp (+6).
Your mp is fully restored (2).
You hit the hobgoblin. The hobgoblin hits you.
* * * LOW HITPOINT WARNING * * *
A demonic guardian appears! 😱 HP[-2]
You take 2 damage, and now have 2/21 hp.
You hit the hobgoblin but do no damage. The hobgoblin hits you.
You die...

Skill      XL: |  1 |
---------------+----+-----
Unarmed Combat | 3 |  3.0
Fighting       | |  1.0
Dodging        | |  1.7
Shapeshifting  | |  2.9

Action                     || total
---------------------------++-------
  Melee: Unarmed           ||    31
         Punch             ||     1
 Armour: Animal skin       ||     7
  Dodge: Dodged            ||    24

Levels and vault maps discovered:
D:1:      tarquinn_simple_flora_water_a, layout_basic

Notes
Turn   | Place    | Note
-------+----------+-------------------------------------------
     0 | D:1      | ytrimaz the Demonspawn Shapeshifter began the quest for the
                  | Orb.
     0 | D:1      | Reached XP level 1. HP: 15/15 MP: 1/1
     0 | D:1      | magus.rc [v1.9.6]
    30 | D:1      | HP: 1/15 [rat (3)]
   180 | D:1      | HP: 3/15 [hobgoblin (2)]
   181 | D:1      | Reached skill level 3 in Unarmed Combat
   181 | D:1      | Gained mutation: A weak demonic guardian rushes to your
                  | aid. [demonic ancestry]
   181 | D:1      | Reached XP level 2. HP: 4/21 MP: 2/2
   182 | D:1      | Slain by a hobgoblin

Vanquished Creatures
  A dart slug (D:1)
  An endoplasm (D:1)
  A hobgoblin (D:1)
  A kobold (D:1)
  A frilled lizard (D:1)
  A rat (D:1)
6 creatures vanquished.

Table legend:
 A = Non-vault XP
 B = Vault XP
 C = Vault XP percentage of total XP
 D = Non-vault monster count
 E = Vault monster count
 F = Vault count percentage of total count
                 A         B        C        D         E       F
            +---------+---------+-------+---------+---------+-------
      Total |      12 |       0 |   0.0 |       6 |       0 |   0.0
            +---------+---------+-------+---------+---------+-------
        D:1 |      12 |       0 |   0.0 |       6 |       0 |   0.0
            +---------+---------+-------+---------+---------+-------

Skill      XL: |  1 |
---------------+----+-----
Unarmed Combat | 3 |  3.0
Fighting       | |  1.0
Dodging        | |  1.7
Shapeshifting  | |  2.9

Action                     || total
---------------------------++-------
  Melee: Unarmed           ||    31
         Punch             ||     1
 Armour: Animal skin       ||     7
  Dodge: Dodged            ||    24

Illustrated notes

Table legend:
 A = Kills in this place as a percentage of kills in the entire game.
 B = Kills by you in this place as a percentage of kills by you in the entire game.
 C = Kills by friends in this place as a percentage of kills by friends in the entire game.
 D = Other kills in this place as a percentage of other kills in the entire game.
 E = Experience gained in this place as a percentage of experience gained in the entire game.
 F = Experience gained in this place divided by the number of levels of this place that you have seen.
                   A       B       C       D       E      F
               +-------+-------+-------+-------+-------+----------------------
         Total | 100.0 | 100.0 |   N/A |   N/A | 100.0 |  12.0
       Dungeon | 100.0 | 100.0 |   N/A |   N/A | 100.0 |  12.0
               +-------+-------+-------+-------+-------+----------------------

Table legend: (Time is in decaauts)
 A = Elapsed time spent in this place.
 B = Non-inter-level travel time spent in this place.
 C = Inter-level travel time spent in this place.
 D = Time resting spent in this place.
 E = Time spent auto-exploring this place.
 F = Levels seen in this place.
 G = Mean time per level.
                   A        B        C        D        E       F      G
               +--------+--------+--------+--------+--------+-----+--------+
         Total |    180 |    180 |      0 |      0 |    126 |   1 |  180.0 |
       Dungeon |    180 |    180 |      0 |      0 |    126 |   1 |  180.0 |
               +--------+--------+--------+--------+--------+-----+--------+

Top non-repeatable levels by time:
     D:1: 180 daAuts
